 Dungeon Crawl Stone Soup version 0.25-a0-566-g062765be81 (webtiles) character file.

Game seed: 14888260388293150393, levelgen mode: deterministic

81 vurker the Gusty (level 4, -1/19 HPs)
             Began as a Felid Air Elementalist on Feb 28, 2020.
             Slain by an orc warrior
             ... wielding a +0 mace
              (7 damage)
             ... on level 3 of the Dungeon.
             The game lasted 00:04:50 (3372 turns).

vurker the Gusty (Felid Air Elementalist)           Turns: 3372, Time: 00:04:51

Health: -1/19      AC:  1    Str:  4    XL:     4   Next: 20%
Magic:  1/9        EV: 18    Int: 17    God:
Gold:   112        SH:  0    Dex: 17    Spells: 8/9 levels left
                                        Lives:  0   Deaths: 1

rFire    . . .     SeeInvis +   (weapon unavailable)
rCold    + + .     Gourm    .   (shield unavailable)
rNeg     . . .     Faith    .   (armour unavailable)
rPois    .         Spirit   .   (helmet unavailable)
rElec    .         Reflect  .   (cloak unavailable)
rCorr    .         Harm     .   (gloves unavailable)
MR       .....                  (boots unavailable)
Stlth    +++.......             (no amulet)
HPRegen  0.06/turn              g - ring of protection from cold
MPRegen  0.11/turn              k - ring of protection from cold

@: quick
A: very small, no armour, no weapons or thrown items, stealth, claws 1, fangs 3,
see invisible, carnivore, speed 1, shaggy fur 1, slow metabolism 1, sharp paws
a: no special abilities


You were on level 3 of the Dungeon.
You were very full.

You visited 1 branch of the dungeon, and saw 3 of its levels.

You collected 112 gold pieces.

Inventory:

Jewellery
 g - a ring of protection from cold (left paw)
   (You found it on level 1 of the Dungeon)
 k - a ring of protection from cold (right paw)
   (You found it on level 2 of the Dungeon)
Scrolls
 c - a scroll of blinking {unknown}
 f - 4 scrolls of enchant weapon {unknown}
 h - a scroll of magic mapping {unknown}
 i - a scroll of remove curse {unknown}
 j - a scroll of teleportation {unknown}
 l - 3 scrolls of identify {unknown}
Potions
 b - 2 potions of degeneration
Comestibles
 e - 5 rations


   Skills:
 + Level 1.7 Fighting
 - Level 2.6 Dodging
 - Level 2.6 Stealth
 * Level 3.2 Spellcasting
 + Level 2.0 Conjurations
 * Level 3.7 Air Magic


You had 8 spell levels left.
You knew the following spells:

 Your Spells              Type           Power        Failure   Level  Hunger
a - Shock                 Conj/Air       ##..         5%          1    None

Your spell library contained the following spells:

 Spells                   Type           Power        Failure   Level  Hunger
 Swiftness                Chrm/Air       #.......     12%         2    ##.....
 Static Discharge         Conj/Air       ##......     16%         3    ###....
 Airstrike                Air            ###.......   34%         4    ####...
 Lightning Bolt           Conj/Air       ##........   82%         5    ######.


Dungeon Overview and Level Annotations

Branches:
Dungeon (3/15)

Altars:
Fedhas


Innate Abilities, Weirdness & Mutations

You cannot wear armour.
You are incapable of wielding weapons or throwing items.
Your paws allow you to move quietly. (Stealth)
You have sharp claws.
You have razor-sharp teeth.
You have supernaturally acute eyesight. (SInv)
You are carnivorous and can eat meat at any time.
You cover ground quickly.
You are covered in fur. (AC +1)
You have a slow metabolism.
Your sharp claws are effective at attacking unaware monsters.


Message History

Eating one of 3 chunks of flesh.
You eat one of the 3 chunks of flesh.
This raw flesh tastes great.
Eating one of 2 chunks of flesh.
You eat one of the 2 chunks of flesh.
This raw flesh tastes great.
Eating a chunk of flesh.
You eat the chunk of flesh.
This raw flesh tastes great.
The orc is too close now for your liking.
An orc is nearby!
An orc is nearby!
Aim: an orc, wielding a +0 hand axe and wearing a +0 chain mail (severely wounded)
The zap hits the orc.
You kill the orc!
You can't see any susceptible monsters within range! (Use Z to cast anyway.)
You can't see any susceptible monsters within range! (Use Z to cast anyway.)
You can't see any susceptible monsters within range! (Use Z to cast anyway.)
Things that are here:
a +0 hand axe; a +0 chain mail; an orc corpse An orc warrior is nearby!
The zap hits the orc warrior.
The zap hits the orc warrior but does no damage.
The zap hits the orc warrior.
The orc warrior barely misses you.
The zap hits the orc warrior.
The orc warrior closely misses you.
The zap misses the orc warrior.
Okay, then.
The zap misses the orc warrior.
The zap hits the orc warrior.
The orc warrior hits you but does no damage.
The zap hits the orc warrior. x2; The orc warrior misses you.
The zap hits the orc warrior but does no damage. x2
The orc warrior closely misses you.
The zap misses the orc warrior. x2
The zap hits the orc warrior but does no damage.
The zap misses the orc warrior.
The orc warrior hits you with a +0 mace!
The zap hits the orc warrior but does no damage. x2
The orc warrior completely misses you.
You don't have enough magic to cast that spell.
You scratch the orc warrior but do no damage.
You bite the orc warrior. The orc warrior closely misses you.
You barely miss the orc warrior.
The orc wizard shouts!
You hear a shout!
The orc wizard hits you with a +0 dagger.
* * * LOW HITPOINT WARNING * * *
The orc warrior closely misses you.
You scratch the orc warrior. The orc wizard closely misses you.
You barely miss the orc warrior. The orc warrior closely misses you.
The orc wizard misses you.
You closely miss the orc warrior.
An orc comes into view. It is wielding a +0 mace.
The orc warrior hits you with a +0 mace!
You die...

##.## #<#.# #.#
#.#.## #.# ..
##.####.#.##. #.#
..# .....)..#.##.#
#.# .. ##.######.#
#.###.# #.# #.#
#..###†##.# ..# ##.#
###.#..##.# ##.## #
##.#
####.#o##o###...##.#
##.#
#....#.o@.....#....#
##.#
#.#######.###...#
##.# #.#
#.####.###.# ##.##
#.# #....÷.....#
##..# #.#
######.##### ###.#
#.# #.# # #.# #.#
#.# # #.# #.# #.#
#.# #.# #.#


You could see an orc warrior, an orc wizard and an orc.

Vanquished Creatures
  An orc priest (D:3)
  Terence (D:3)
  A gnoll (D:1)
  An adder (D:2)
  2 oozes (D:3)
  4 dart slugs
  3 leopard geckos (D:3)
  9 orcs
  5 bats
  A giant cockroach (D:3)
  8 goblins
  4 hobgoblins
  2 jackals (D:2)
  3 quokkas
  3 frilled lizards
  8 kobolds
  4 rats
60 creatures vanquished.

Notes
Turn   | Place    | Note
-------+----------+-------------------------------------------
     0 | D:1      | vurker the Felid Air Elementalist began the quest for the
                  | Orb.
     0 | D:1      | Reached XP level 1. HP: 7/7 MP: 4/4
    28 | D:1      | Reached skill level 1 in Conjurations
   216 | D:1      | Reached XP level 2. HP: 12/12 MP: 0/6
   706 | D:1      | Reached XP level 3. HP: 15/15 MP: 2/7
  1127 | D:2      | Reached skill level 1 in Fighting
  2137 | D:3      | Reached XP level 4. HP: 19/19 MP: 6/9
  2233 | D:3      | Noticed Terence
  2250 | D:3      | Killed Terence
  2571 | D:3      | Reached XP level 5. HP: 22/22 MP: 1/10
  2983 | D:3      | Found a blossoming altar of Fedhas.
  3261 | D:3      | Noticed an orc warrior
  3292 | D:3      | Slain by an orc warrior
  3293 | D:3      | Reached XP level 4. HP: -5/28 MP: 9/9
  3372 | D:3      | Slain by an orc warrior

Levels and vault maps discovered:
D:1:      grunt_arrival_lava_bath, layout_basic
D:2:      layout_loops_cross
D:3:      layout_loops_ring, nicolae_overflow_crystal_walls, uniq_terence

Skill      XL: |  1  2  3  4  5 |
---------------+----------------+-----
Conjurations   | 1 2 |  2.0
Air Magic      | 3 |  3.7
Fighting       | 1 |  1.7
Spellcasting   | 3 |  3.2
Dodging        | |  2.6
Stealth        | |  2.6

Action                   |  1- 3 |  4- 6 || total
-------------------------+-------+-------++-------
Melee: Unarmed           |     9 |    11 ||    20
       Bite              |     2 |     1 ||     3
 Cast: Shock             |    86 |    80 ||   166
  Use: Potion            |       |     4 ||     4
  Eat: Chunk             |    10 |     7 ||    17
Armor: Skin              |       |    33 ||    33
Dodge: Dodged            |    22 |    24 ||    46

Table legend:
 A = Non-vault XP
 B = Vault XP
 C = Vault XP percentage of total XP
 D = Non-vault monster count
 E = Vault monster count
 F = Vault count percentage of total count
                 A         B        C        D         E       F
            +---------+---------+-------+---------+---------+-------
      Total |     193 |      36 |  15.7 |      59 |       1 |   1.7
            +---------+---------+-------+---------+---------+-------
        D:1 |      49 |       0 |   0.0 |      18 |       0 |   0.0
        D:2 |      44 |       0 |   0.0 |      18 |       0 |   0.0
        D:3 |     100 |      36 |  26.5 |      23 |       1 |   4.2
            +---------+---------+-------+---------+---------+-------
